 Dungeon Crawl Stone Soup version 0.30-a0-879-ga8ba668304 (webtiles) character file.

Game seed: 9585516287513713644

1774303 bakla the Cutthroat (level 27, 215/215 HPs)
             Began as an Octopode Artificer on Mar 12, 2023.
             Was a High Priest of Wu Jian.
             Escaped with the Orb
             ... and 3 runes!
             The game lasted 04:33:00 (64740 turns).

bakla the Cutthroat (Octopode Artificer)           Turns: 64740, Time: 04:33:00

Health: 215/215    AC:  7    Str: 23    XL:     27
Magic:  35/35      EV: 62    Int: 24    God:    Wu Jian [*****.]
Gold:   3265       SH: 32    Dex: 52    Spells: 16/42 levels left

rFire   + + .      SeeInvis +    S - +9 dagger (distort)
rCold   . . .      Faith    .    O - +5 kite shield {AC+3}
rNeg    . . .      Spirit   .    T - +3 crown of Dyrovepreva {rElec Int+2 SInv}
rPois   +          Reflect  +    L - amulet "Sevateqi" {Reflect Regen+ rCorr Str+3 Dex-2 SH+5}
rElec   +          Rampage  .    k - ring of protection from fire
rCorr   +                        R - +6 ring of dexterity
Will    +++++                    l - ring of protection from fire
Stlth   ++++                     w - ring of Yssis {Dex+7 Slay+4}
HPRegen 1.35/turn                G - ring "Hyshray" {rF- Will+++ Str+6 Dex+7}
MPRegen 0.24/turn                J - ring of protection from fire
                                 Y - ring of Leaves {rPois Str+3 Int+6 Dex+2}
                                 Z - +6 ring of dexterity

@: studying 5 skills
A: almost no armour, amphibious, 8 rings, camouflage 1, gelatinous body 1,
(nimble swimmer 1), tentacles, agile 1, strong-willed 1, electricity resistance,
MP-powered wands
0: Orb of Zot
}: 3/15 runes: decaying, silver, gossamer
a: Renounce Religion, Wall Jump, Serpent's Lash, Heavenly Storm


You escaped.
You worshipped Wu Jian.
Wu Jian was extremely pleased with you.
You visited 11 branches of the dungeon, and saw 51 of its levels.
You also visited: Trove, Ossuary, Ice Cave and Wizlab.

You collected 12020 gold pieces.
You spent 8755 gold pieces at shops.

Inventory:

Hand Weapons
 D - a +4 double sword of venom
 S - a +9 dagger of distortion (weapon)
Missiles
 E - a throwing net
 W - 9 curare-tipped darts
Armour
 o - the +10 tower shield of Ignorance {rN+ Int-4}
   (You found it on level 3 of the Crypt)

   Int:       It affects your intelligence (-4).
   rN:        It protects you from negative energy.
 O - a +5 kite shield of protection (worn)
 T - the +3 crown of Dyrovepreva (worn) {rElec Int+2 SInv}
   (You found it in an ice cave)

   Int:       It affects your intelligence (+2).
   rElec:     It insulates you from electricity.
   SInv:      It lets you see invisible.
Jewellery
 e - the ring "Mohauts" {Fire rN++ Int+4 Dex-5}
   (You bought it in a shop on level 2 of the Orcish Mines)

   [ring of fire]

   It enhances your fire magic.
   Int:       It affects your intelligence (+4).
   Dex:       It affects your dexterity (-5).
   rF:        It protects you from fire.
   rC:        It makes you vulnerable to cold.
   rN:        It greatly protects you from negative energy.
 k - a ring of protection from fire (left tentacle)
 l - a ring of protection from fire (on tentacle)
 t - the ring of Genudiv {Fly Str+6 SInv}
   (You took it off a tengu reaver on level 5 of the Vaults)

   [ring of strength]

   Str:       It affects your strength (+6).
   SInv:      It lets you see invisible.
   Fly:       It grants you flight.
 v - a +4 ring of protection
 w - the ring of Yssis (on tentacle) {Dex+7 Slay+4}
   (You found it on level 11 of the Dungeon)

   [ring of slaying]

   Dex:       It affects your dexterity (+7).
   Slay:      It affects your accuracy & damage with ranged weapons and melee
   (+4).
 C - a ring of protection from cold
 G - the ring "Hyshray" (on tentacle) {rF- Will+++ Str+6 Dex+7}
   (You bought it in a shop on level 2 of the Orcish Mines)

   [ring of strength]

   Str:       It affects your strength (+6).
   Dex:       It affects your dexterity (+7).
   rF:        It makes you vulnerable to fire.
   Will:      It greatly increases your willpower.
 J - a ring of protection from fire (on tentacle)
 L - the amulet "Sevateqi" (around mantle) {Reflect Regen+ rCorr Str+3 Dex-2 SH+5}
   (You bought it in a shop on level 1 of the Elven Halls)

   [amulet of reflection]

   It reflects blocked missile attacks.
   Str:       It affects your strength (+3).
   Dex:       It affects your dexterity (-2).
   Regen:     It increases your rate of health regeneration.
   rCorr:     It protects you from acid and corrosion.
   SH:        It affects your SH (+5).
 R - a +6 ring of dexterity (right tentacle)
 Y - the ring of Leaves (on tentacle) {rPois Str+3 Int+6 Dex+2}
   (You found it on level 3 of the Depths)

   [ring of intelligence]

   Str:       It affects your strength (+3).
   Int:       It affects your intelligence (+6).
   Dex:       It affects your dexterity (+2).
   rPois:     It protects you from poison.
 Z - a +6 ring of dexterity (on tentacle)
Wands
 c - a wand of digging (3)
 F - a wand of roots (36)
 K - a wand of light (32)
Scrolls
 b - 7 scrolls of blinking
 f - 27 scrolls of teleportation
 g - 15 scrolls of fear
 q - 5 scrolls of fog
 u - 6 scrolls of noise
 y - 2 scrolls of magic mapping
 B - 7 scrolls of summoning
 H - 12 scrolls of amnesia
 M - 10 scrolls of poison
 P - 10 scrolls of immolation
 Q - 8 scrolls of vulnerability
 V - 4 scrolls of silence
Potions
 a - 4 potions of curing
 d - 6 potions of might
 h - 7 potions of berserk rage
 i - 12 potions of mutation
 j - 13 potions of lignification
 m - 11 potions of brilliance
 n - 6 potions of magic
 p - 6 potions of haste
 s - 13 potions of flight
 z - 8 potions of heal wounds
 A - 17 potions of ambrosia
 I - 7 potions of resistance
 U - 8 potions of cancellation
 X - 3 potions of invisibility
Miscellaneous
 r - a phantom mirror
 x - a box of beasts
 N - a condenser vane


   Skills:
 + Level 24.3 Fighting
 + Level 25.9 Short Blades
 + Level 24.3 Dodging
 - Level 20.0 Stealth
 - Level 16.1 Shields
 - Level 8.0 Spellcasting
 - Level 19.0 Necromancy
 - Level 15.0 Transmutations
 - Level 6.0 Earth Magic
 - Level 3.2 Evocations


You had 16 spell levels left.
You knew the following spells:

 Your Spells              Type           Power      Damage    Failure   Level
a - Passwall              Tmut/Erth      46%        N/A       1%          2
b - Wereblood             Tmut           69%        N/A       1%          2
c - Borgnjor's Vile Clut  Necr/Erth      31%        N/A       1%          5
d - Yara's Violent Unrav  Hex/Tmut       22%        3d10      14%         5
e - Blink                 Tloc           18%        N/A       16%         2
f - Death Channel         Necr           39%        N/A       1%          6
g - Anguish               Hex/Necr       26%        N/A       2%          4

Your spell library contained the following spells:

 Spells                   Type           Power      Damage    Failure   Level
 Necrotise                Necr           100%       1d9       0%          1
 Sublimation of Blood     Necr           79%        N/A       0%          2
 Vampiric Draining        Necr           79%        2d11      0%          3
 Beastly Appendage        Tmut           100%       N/A       1%          1
 Kiss of Death            Conj/Necr      100%       2d13      1%          1
 Sandblast                Erth           76%        2d16      1%          1
 Cigotuvi's Dreadful Rot  Necr/Pois/Air  80%        N/A       1%          2
 Spider Form              Tmut/Pois      45%        N/A       1%          3
 Animate Dead             Necr           79%        N/A       1%          4
 Dispel Undead            Necr           79%        3d26      1%          4
 Agony                    Necr           79%        N/A       1%          5
 Blade Hands              Tmut           34%        N/A       1%          5
 Ignite Poison            Fire/Tmut/Pois 33%        N/A       4%          3
 Ice Form                 Ice/Tmut       45%        N/A       4%          4
 Stone Arrow              Conj/Erth      48%        3d10      10%         3
 Apportation              Tloc           18%        N/A       11%         1
 Foxfire                  Conj/Fire      36%        2x1d5     11%         1
 Freeze                   Ice            36%        1d5       11%         1
 Shock                    Conj/Air       36%        1d5       11%         1
 Summon Small Mammal      Summ           36%        N/A       11%         1
 Alistair's Intoxication  Tmut/Pois      30%        N/A       14%         5
 Irradiate                Conj/Tmut      22%        3d19      14%         5
 Lesser Beckoning         Tloc           18%        N/A       16%         2
 Momentum Strike          Conj/Tloc      18%        3d8       16%         2
 Poisonous Vapours        Pois/Air       18%        N/A       16%         2
 Scorch                   Fire           18%        2d6       16%         2
 Static Discharge         Conj/Air       18%        2-3/arc   16%         2
 Dragon Form              Tmut           34%        N/A       19%         7
 Borgnjor's Revivificati  Necr           39%        N/A       28%         8
 Leda's Liquefaction      Hex/Erth       12%        N/A       30%         4
 Call Canine Familiar     Summ           9%         N/A       32%         3
 Dazzling Flash           Conj/Hex       18%        N/A       32%         3
 Frozen Ramparts          Ice            18%        1d3       32%         3
 Gell's Gravitas          Tloc           9%         N/A       32%         3
 Hailstorm                Conj/Ice       9%         3d4       32%         3
 Kindle Blastsparks       Fire/Tloc/Air  18%        2d11      32%         3
 Ozocubu's Armour         Ice            9%         N/A       32%         3
 Portal Projectile        Hex/Tloc       18%        N/A       32%         3
 Summon Guardian Golem    Hex/Summ       9%         N/A       32%         3
 Teleport Other           Tloc           9%         N/A       32%         3
 Tukima's Dance           Hex            9%         N/A       32%         3
 Vhi's Electric Charge    Tloc/Air       18%        N/A       32%         3
 Simulacrum               Ice/Necr       26%        N/A       32%         6
 Necromutation            Tmut/Necr      37%        N/A       54%         8
 Eringya's Noxious Bog    Tmut/Pois      22%        N/A       58%         6
 Cause Fear               Hex            4%         N/A       71%         4
 Flame Wave               Conj/Fire      9%         2d6       71%         4
 Fulminant Prism          Conj/Hex       4%         3d5       71%         4
 Olgreb's Toxic Radiance  Pois           9%         N/A       71%         4
 Passage of Golubria      Tloc           9%         N/A       71%         4
 Sticky Flame             Conj/Fire      9%         2d3       71%         4
 Summon Ice Beast         Ice/Summ       9%         N/A       71%         4
 Summon Lightning Spire   Summ/Air       9%         N/A       71%         4
 Haunt                    Necr/Summ      26%        N/A       88%         7
 Arcjolt                  Conj/Air       4%         1d14      96%         5
 Fireball                 Conj/Fire      4%         3d4       96%         5
 Freezing Cloud           Conj/Ice/Air   4%         6-21      96%         5
 Iskenderun's Battlesphe  Conj           9%         2d6       96%         5
 Lightning Bolt           Conj/Air       4%         1d16      96%         5
 Metabolic Englaciation   Hex/Ice        4%         N/A       96%         5
 Summon Forest            Summ/Tloc      4%         N/A       96%         5
 Summon Mana Viper        Hex/Summ       9%         N/A       96%         5
 Iron Shot                Conj/Erth      12%        9d3       99%         6
 Storm Form               Tmut/Air       22%        N/A       99%         7
 Death's Door             Necr           39%        N/A       99%         9
 Conjure Ball Lightning   Conj/Air       4%         3x3d6     100%        6
 Summon Cactus Giant      Summ           4%         N/A       100%        6
 Malign Gateway           Summ/Tloc      4%         N/A       100%        7
 Monstrous Menagerie      Summ           4%         N/A       100%        7
 Orb of Destruction       Conj           4%         9d5       100%        7
 Spellforged Servitor     Conj/Summ      4%         N/A       100%        7
 Summon Hydra             Summ           4%         N/A       100%        7
 Disjunction              Tloc           4%         N/A       100%        8
 Ignition                 Fire           4%         3d4       100%        8
 Lehudib's Crystal Spear  Conj/Erth      12%        10d4      100%        8
 Maxwell's Capacitive Co  Air            4%         ∞         100%        8
 Summon Horrible Things   Summ           4%         N/A       100%        8
 Dragon's Call            Summ           4%         N/A       100%        9
 Polar Vortex             Ice            4%         N/A       100%        9
 Animate Armour           Summ/Erth      Unusable   N/A       N/A         4

Dungeon Overview and Level Annotations

Branches:
Dungeon (15/15)            Temple (1/1) D:5            Lair (5/5) D:8
  Swamp (4/4) Lair:3       Spider (4/4) Lair:2        Slime (0/5) Lair:5
    Orc (2/2) D:11            Elf (3/3) Orc:2        Vaults (5/5) D:14
  Crypt (3/3) Vaults:2       Tomb (0/3) Crypt:3      Depths (4/4) D:15
    Zot (5/5) Depths:4    Ossuary (visited)           IceCv (visited)
 WizLab (visited)

Altars:
Ashenzari
Cheibriados
Dithmenos
Elyvilon
Fedhas
Gozag
Hepliaklqana
Kikubaaqudgha
Makhleb
Nemelex Xobeh
Okawaru
Qazlal
Ru
Sif Muna
Trog
Uskayaw
Vehumet
Wu Jian
Xom
Yredelemnul
Zin
The Shining One

Shops:
D:5 (   Orc:2 =[==   Elf:1 !!(=   Elf:3 (?[(   Depths:1 =   Depths:2 :=:
Depths:3 [

Portals:
Hell: Depths:1 Depths:2 Depths:3
Abyss: D:12 Depths:2 Depths:3
Pandemonium: Depths:2
Ziggurat: Depths:3

Annotations:
D:12 2 transporters, asti's ghost, journeyman MiFi
Lair:3 2 runed translucent doors, Gesaczie's ghost, journeyman MiFi
Swamp:4 1 runed translucent door, Coron's ghost, adept MiBe
Elf:1 6 runed translucent doors
Elf:2 3 runed translucent doors
Vaults:2 8 runed translucent doors, Zissick's ghost, adept MiBr
Depths:4 exclusions: hell hog, hell knight, sun demon and 1 more exclusion
Zot:4 1 runed translucent door, Oriecen's ghost, master DsEE
Abyss:1 Jory; Roxanne


Innate Abilities, Weirdness & Mutations

You cannot wear most types of armour.
You are amphibious.
You can wear up to eight rings at the same time.
Your skin changes colour to match your surroundings (Stealth+).
Your rubbery body absorbs attacks. (AC +1, EV +1)
((You are camouflaged when in or above water. (Stealth+)))
You have tentacles for arms and can constrict up to eight enemies at once.
You are agile. (Dex +4, Str/Int -1)
You are strong-willed. (Will+)
You are resistant to electric shocks. (rElec)
You expend magic power (3 MP) to strengthen your wands.


Message History

(H) Hell (Z) Zot
Where to? (Enter - D:1 @ (x,y), ? - help)
You feel less exhausted.
A hell beast comes into view.
You impale the hell beast!!
Space warps around the hell beast.
You squeeze the hell beast, but do no damage.
The hell beast is moderately wounded.
You hit the hell beast. You squeeze the hell beast!
The hell beast is heavily wounded.
You block the hell beast's attack. x2
You barely miss the hell beast.
The hell beast is heavily wounded.
You block the hell beast's attack. x2
You puncture the hell beast!
Space warps around the hell beast.
You squeeze the hell beast!
The hell beast is almost dead.
You block the hell beast's attack. x2
You puncture the hell beast!
You kill the hell beast!
The Council accepts your kill.
(D) Dungeon (T) Temple (L) Lair (S) Swamp (N) Spider Nest (M) Slime Pits (O) Orcish Mines (E) Elven Halls (V) Vaults (C) Crypt (W) Tomb (U) Depths (H) Hell (Z) Zot
Where to? (Enter - D:1 @ (x,y), ? - help)
There is a stone staircase leading up here.
You climb upwards.
There is a stone staircase leading down here.
There is a stone staircase leading up here.
You climb upwards.
There is a stone staircase leading down here.
There is a stone staircase leading up here.
You climb upwards.
There is a stone staircase leading down here.
There is an open door here.
There is an open door here.
There is a staircase leading out of the dungeon here.
An Ice Fiend comes into view.
There is a staircase leading out of the dungeon here.
You have escaped!

#.##.......#.############...
#.##........................
#.##...###############....##
#.##...#.......####....###..
#.##...'.>.>.>('....######.#
#.###.##.......#########...#
#.# #.##########.# #....###
#.# #..#.......#.####.####
#.# ##.'...@...1).....# #.#
###.......##...### #.#
###########...# #.# #....#
#..#.# #.# #....# ##.##.##
######.### #....###..##..###
#........#
#........####...##
#...[....#
#....##....####..#
#....†...###
#....##.##..####.##


You could see an Ice Fiend.

Vanquished Creatures
  A dread lich (Vaults:5)
  An ancient lich (Vaults:5)
  Mara (Spider:3)
  7 orbs of fire
  2 royal mummies (Depths:1)
  Vv (Zot:1)
  A shard shrike (IceCv)
  6 Killer Klowns
  Frederick (Depths:3)
  Saint Roka (Vaults:4)
  Margery (Crypt:3)
  2 curse toes (Zot:3)
  9 golden dragons
  Rupert (D:13)
  Zenata (Vaults:1)
  6 liches
  11 tentacled monstrosities
  4 electric golems
  A walking crystal tome (Depths:2)
  22 Orb Guardians
  2 deep elf master archers (Elf:3)
  An Ice Fiend (D:5)
  2 titans
  A deep elf blademaster (Elf:3)
  3 quicksilver dragons
  An Executioner (D:6)
  8 death cobs
  3 sphinxes
  2 ancient champions (WizLab)
  14 tengu reavers
  7 shadow dragons
  Donald (Vaults:4)
  Kirke (D:13)
  10 storm dragons
  6 revenants
  8 draconian monks
  6 draconian knights
  5 deep elf sorcerers (Elf:3)
  3 emperor scorpions (Spider:4)
  7 fire giants
  5 frost giants
  3 spectral caustic shrikes (WizLab)
  6 ghost moths
  3 iron dragons
  Aizul (Depths:2)
  2 curse skulls
  5 angels
  8 draconian scorchers
  12 vault wardens
  5 ghouls (Crypt:1)
  An orc warlord (Vaults:4)
  3 deep elf elementalists (Elf:3)
  7 draconian shifters
  8 ironbound preservers
  6 draconian stormcallers
  8 draconian annihilators
  2 war gargoyles
  18 stone giants
  7 vampire knights
  12 green draconians
  17 very ugly things
  Nessos (Orc:2)
  3 eleionomae
  12 black draconians
  10 ironbound thunderhulks
  4 deep elf demonologists
  14 white draconians
  2 bunyips
  10 purple draconians
  6 halazid warlocks (WizLab)
  Azrael (Spider:3)
  5 deep elf annihilators
  11 yellow draconians
  14 dire elephants
  5 spark wasps
  18 red draconians
  5 eidola
  14 ettins
  A spark wasp (shapeshifter) (Zot:4)
  A mummy priest (Depths:1)
  2 crystal guardians (Vaults:4)
  An acid blob zombie (Crypt:1)
  8 deep elf death magi (Elf:3)
  2 entropy weavers (shapeshifter)
  14 jiangshi
  12 fire dragons
  17 yaktaur captains
  A shambling mangrove (Swamp:3)
  3 entropy weavers
  5 deep elf high priests
  18 hydras
  3 peacekeepers
  Fannar (D:10)
  4 catoblepae
  3 rakshasas (Depths:2)
  27 vault guards
  2 hell beasts
  A ghost crab (Swamp:2)
  5 great orbs of eyes
  8 ice dragons
  10 centaur warriors
  3 ogre magi (D:15)
  A death knight (Crypt:2)
  16 ironbound frosthearts
  7 spriggan air magi
  A spriggan skeleton (Depths:1)
  An Orb Guardian zombie (Crypt:2)
  3 jorogumos
  13 two-headed ogres
  An anaconda (shapeshifter) (Vaults:5)
  A spectral stone giant (Crypt:3)
  A two-headed ogre (shapeshifter) (Vaults:5)
  7 boulder beetles
  9 tengu warriors
  12 alligators
  9 deep troll earth magi
  8 deep troll shamans
  12 vampire magi
  18 death yaks
  11 dancing weapons
  8 spriggan berserkers
  A spectral dire elephant (Crypt:3)
  5 hell knights
  A titan zombie (WizLab)
  4 orc high priests
  A skyshark (Lair:4)
  An emperor scorpion zombie (Crypt:1)
  Sonja (Orc:2)
  4 soul eaters
  13 skeletal warriors
  12 deep elf knights
  A fire crab (Swamp:4)
  3 sun demons (Depths:4)
  3 iron trolls
  18 shadow wraiths
  A sun moth (Spider:3)
  8 pharaoh ants
  A skyshark (shapeshifter) (Depths:1)
  5 glowing orange brains
  7 flayed ghosts
  A storm dragon skeleton (Depths:1)
  A spriggan druid (Swamp:1)
  2 spark wasp zombies
  34 deep trolls
  2 goliath frogs
  11 orb spiders
  9 swamp dragons
  A swamp dragon (shapeshifter) (Vaults:5)
  26 ironbound convokers
  3 bog bodies
  9 steelbarb worms
  4 wizards
  24 phantasmal warriors
  14 lindwurms
  9 orc knights
  9 necromancers
  A stone giant zombie (Crypt:2)
  8 deep elf archers
  16 deep elf zephyrmancers
  A spectral wolf spider (WizLab)
  12 deep elf pyromancers
  18 wolf spiders
  A will-o-the-wisp (Swamp:2)
  7 orc sorcerers
  The ghost of Calibrex the Covert, a novice VSBr of Hepliaklqana (D:8)
  3 cyclopes
  21 elephants
  3 manticores
  36 ugly things
  A salamander (D:15)
  2 sphinx skeletons
  A faun (shapeshifter) (Depths:3)
  21 moths of wrath
  2 black mambas
  Joseph (D:10)
  4 smoke demons (Depths:4)
  A fire giant skeleton (Vaults:2)
  19 vault sentinels
  7 torpor snails
  11 demonic crawlers
  A grey draconian zombie (Crypt:1)
  13 cane toads
  3 gargoyles
  2 freezing wraiths
  4 tengu conjurers
  10 komodo dragons
  An unseen horror (D:11)
  30 yaktaurs
  18 rime drakes
  2 spectral nagas (Crypt:3)
  An efreet (D:14)
  4 guardian mummies (Depths:1)
  11 trolls
  A tengu simulacrum (Vaults:3)
  18 polar bears
  3 meliai (D:13)
  11 hornets
  2 meliai (shapeshifter)
  4 tyrant leeches (Swamp:3)
  24 tarantellas
  A queen bee (D:13)
  A polar bear (shapeshifter) (Elf:3)
  A shadow dragon simulacrum (Depths:1)
  A spriggan zombie (WizLab)
  A hydra skeleton (Crypt:2)
  Grinder (D:4)
  14 blink frogs
  5 dream sheep (Lair:5)
  A spectral black mamba (Crypt:3)
  14 flying skulls
  A slime creature (shapeshifter) (Depths:3)
  28 slime creatures
  32 jumping spiders
  8 shadows
  2 air elementals
  17 culicivoras
  An ettin skeleton (Crypt:2)
  12 spriggans
  5 water elementals
  12 wraiths
  3 hogs (D:13)
  45 yaks
  6 wyverns
  A black mamba skeleton (Crypt:2)
  3 basilisks
  7 fire elementals
  Grum (D:9)
  Eustachio (D:6)
  38 redbacks
  3 chaos spawn
  A redback (shapeshifter) (D:15)
  6 vampire mosquitoes
  Menkaure (D:4)
  3 steam dragons
  A spriggan simulacrum (Depths:1)
  3 wargs
  An ogre zombie (Vaults:3)
  20 swamp worms
  8 water moccasins
  A fire bat skeleton (Crypt:2)
  2 hell hounds (Spider:3)
  A swamp worm (shapeshifter) (Vaults:5)
  A glowing shapeshifter zombie (Vaults:2)
  An entropy weaver zombie (Crypt:3)
  4 acid dragons
  A black bear (D:8)
  A floating eye (Depths:1)
  3 ice beasts
  23 orc warriors
  A swamp dragon zombie (Crypt:1)
  9 swamp drakes
  2 sky beasts
  3 boggarts (Vaults:1)
  12 ogres
  6 centaurs
  17 wolves
  A kobold brigand (D:8)
  Blork the orc (D:5)
  3 phantoms
  A yaktaur zombie (Crypt:3)
  2 elf zombies (Ossuary)
  12 bullfrogs
  A draconian skeleton (Crypt:3)
  A gnoll sergeant (D:8)
  3 necrophages (Crypt:1)
  3 scorpions
  An earth elemental (Elf:3)
  An elf skeleton (Crypt:2)
  A glowing shapeshifter simulacrum (Vaults:2)
  A warg skeleton (Crypt:1)
  21 killer bees
  3 howler monkeys
  2 electric eels
  3 human zombies
  4 hounds
  A jelly (D:5)
  15 orc priests
  2 gnoll boudas
  An iron imp (D:3)
  An iguana (D:6)
  Ijyb (D:4)
  2 sleepcaps
  Natasha (thrice) (D:4)
  27 orc wizards
  4 hell rats (Lair:2)
  A boggart skeleton (Crypt:1)
  A naga zombie (Crypt:1)
  2 hound zombies (Ossuary)
  An ogre skeleton (Crypt:1)
  4 mummies (Ossuary)
  A steam dragon zombie (Crypt:3)
  15 gnolls
  12 adders
  A river rat (D:3)
  5 shadow imps (D:7)
  2 white imps (D:7)
  An ufetubus (Vaults:3)
  3 worms
  4 dart slugs
  76 orcs
  10 ball pythons
  A bat (shapeshifter) (Depths:2)
  6 bats
  8 endoplasms
  3 giant cockroaches
  6 hobgoblins
  8 jackals
  10 kobolds
  5 quokkas
  3 training dummies (D:5)
  4 frilled lizards
  10 goblins
  A hobgoblin zombie (Ossuary)
  A kobold zombie (Ossuary)
  2 orc zombies (Ossuary)
  9 rats
  2 rat zombies (Ossuary)
2084 creatures vanquished.

Vanquished Creatures (collateral kills)
  2 Orb Guardians (Zot:5)
  2 dream sheep (Lair:5)
  2 yaks (Lair:5)
  A gnoll (D:5)
7 creatures vanquished.

Vanquished Creatures (others)
  A draconian monk (Zot:5)
  A rakshasa (Depths:1)
  A manticore (Lair:5)
  2 yaktaurs (Vaults:5)
  A bloated husk (Swamp:1)
  2 flying skulls
  A swamp drake (Swamp:4)
  An orc priest (Orc:2)
  A goblin (D:1)
  2 jackals (D:1)
  6 foxfires (Swamp:2)
  73 fungi
  6 pillars of salt (Zot:4)
  178 plants
  2 withered plants (Zot:4)
278 creatures vanquished.

Grand Total: 2369 creatures vanquished

Notes
Turn   | Place    | Note
-------+----------+-------------------------------------------
     0 | D:1      | bakla the Octopode Artificer began the quest for the Orb.
     0 | D:1      | Reached XP level 1. HP: 13/13 MP: 1/1
   121 | D:1      | Reached XP level 2. HP: 18/18 MP: 2/2
   549 | D:1      | Reached XP level 3. HP: 23/24 MP: 3/3
   684 | D:1      | Reached skill level 1 in Short Blades
   897 | D:2      | Reached XP level 4. HP: 29/29 MP: 4/4
  1546 | D:3      | Found a snail-covered altar of Cheibriados.
  1550 | D:3      | Reached XP level 5. HP: 19/35 MP: 5/5
  1737 | D:3      | Reached skill level 2 in Short Blades
  2350 | D:3      | Reached XP level 6. HP: 30/42 MP: 6/6
  2817 | D:4      | Noticed Natasha
  2837 | D:4      | Killed Natasha
  2858 | D:4      | Noticed Natasha
  2865 | D:4      | Killed Natasha
  2917 | D:4      | Noticed Menkaure
  2936 | D:4      | Killed Menkaure
  2937 | D:4      | Reached skill level 3 in Short Blades
  2937 | D:4      | Reached skill level 5 in Stealth
  2937 | D:4      | Reached XP level 7. HP: 47/47 MP: 7/7
  3024 | D:4      | Noticed Ijyb
  3042 | D:4      | Killed Ijyb
  3302 | D:4      | Noticed Grinder
  3487 | D:4      | Noticed Natasha
  3492 | D:4      | Killed Natasha
  3623 | D:5      | Entered Level 5 of the Dungeon
  3625 | D:5      | Found a staircase to the Ecumenical Temple.
  3639 | Temple   | Entered the Ecumenical Temple
  3710 | Temple   | Became a worshipper of the Wu Jian Council
  3793 | D:5      | Found Jirumewn's Firing Range.
  3879 | D:5      | Reached skill level 5 in Dodging
  3938 | D:5      | Noticed Blork the orc
  3977 | D:5      | Reached XP level 8. HP: 44/54 MP: 8/8
  3983 | D:5      | Reached skill level 4 in Short Blades
  4324 | D:5      | Found a glowing silver altar of Zin.
  4458 | D:5      | Found a burning altar of Makhleb.
  4458 | D:5      | Noticed a green death
  4657 | D:5      | Killed Blork the orc
  4780 | D:6      | Reached skill level 5 in Fighting
  4882 | D:6      | Noticed Eustachio
  5237 | D:6      | Reached skill level 5 in Short Blades
  5638 | D:6      | Killed Eustachio
  5639 | D:6      | Reached XP level 9. HP: 61/62 MP: 9/9
  5874 | D:7      | Reached * piety under Wu Jian
  6640 | D:8      | Found an iron altar of Okawaru.
  6641 | D:8      | Found a radiant altar of Vehumet.
  6657 | D:8      | Identified the +5 whip "Ziabu" {pain, rF- rN+++ rCorr
                  | Int-3}
  6663 | D:8      | Found a sand-covered staircase.
  6668 | Ossuary  | Entered an ossuary
  6708 | Ossuary  | Reached skill level 6 in Short Blades
  7762 | D:8      | Reached ** piety under Wu Jian
  7942 | D:8      | Found a runed translucent door.
  7945 | D:8      | Noticed Calibrex's ghost (novice VSBr)
  8021 | D:8      | Found a staircase to the Lair.
  8132 | D:9      | Reached XP level 10. HP: 71/71 MP: 10/10
  8139 | D:9      | Reached skill level 10 in Stealth
  8369 | D:8      | Reached skill level 7 in Short Blades
  9429 | D:9      | Noticed a two-headed ogre
  9841 | D:9      | Found a sacrificial altar of Ru.
  9949 | D:9      | You fall into a shaft and drop 3 floors!
 10062 | D:12     | Noticed a cyclops
 10207 | D:12     | Found a transporter.
 10215 | D:12     | Noticed a gargoyle
 10234 | D:12     | Noticed a brown ugly thing
 10316 | D:11     | Noticed a two-headed ogre
 10353 | D:11     | Killed a two-headed ogre
 10365 | D:10     | Entered Level 10 of the Dungeon
 10392 | D:10     | Found a basalt altar of Yredelemnul.
 10403 | D:10     | Noticed Fannar
 10414 | D:10     | Killed Fannar
 10415 | D:10     | Reached skill level 8 in Short Blades
 10430 | D:10     | Noticed a two-headed ogre
 10570 | D:9      | Killed a two-headed ogre
 10571 | D:9      | Reached XP level 11. HP: 37/78 MP: 11/11
 11126 | D:9      | Noticed Grum
 11132 | D:9      | Killed Grum
 11317 | D:10     | Found a white marble altar of Elyvilon.
 11365 | D:10     | Noticed Joseph
 11436 | D:10     | Killed a two-headed ogre
 11553 | D:10     | Noticed a two-headed ogre
 11557 | D:10     | Killed a two-headed ogre
 11672 | D:10     | Killed Joseph
 11833 | D:11     | Noticed a boulder beetle
 11852 | D:11     | Killed a boulder beetle
 11853 | D:11     | Reached skill level 9 in Short Blades
 11983 | D:11     | Reached *** piety under Wu Jian
 12106 | D:11     | Noticed a manticore
 12144 | D:11     | Found a staircase to the Orcish Mines.
 12176 | D:11     | Identified the ring of Yssis {Dex+7 Slay+4}
 12401 | D:11     | Noticed a two-headed ogre
 12489 | Lair:1   | Entered Level 1 of the Lair of Beasts
 12533 | Lair:1   | Learned a level 2 spell: Passwall
 12746 | Lair:1   | Found a shimmering blue altar of Sif Muna.
 12976 | Lair:1   | Reached skill level 1 in Transmutations
 13065 | Lair:1   | Reached skill level 1 in Spellcasting
 13065 | Lair:1   | Reached skill level 1 in Earth Magic
 13065 | Lair:1   | Reached XP level 12. HP: 63/86 MP: 13/13
 13441 | Lair:2   | Noticed a death yak
 13441 | Lair:2   | Noticed a death yak
 13445 | Lair:2   | Noticed a death yak
 13446 | Lair:2   | Noticed a death yak
 13448 | Lair:2   | Noticed a death yak
 13449 | Lair:2   | Noticed a death yak
 13706 | Lair:2   | Reached skill level 10 in Dodging
 13877 | Lair:2   | Reached skill level 1 in Shields
 13887 | Lair:2   | Killed a death yak
 13891 | Lair:2   | Killed a death yak
 13891 | Lair:2   | Killed a death yak
 13891 | Lair:2   | Killed a death yak
 13891 | Lair:2   | Reached **** piety under Wu Jian
 13892 | Lair:2   | Reached skill level 10 in Fighting
 13893 | Lair:2   | Killed a death yak
 13901 | Lair:2   | Killed a death yak
 13910 | Lair:2   | Reached skill level 10 in Short Blades
 13921 | Lair:2   | Noticed a four-headed hydra
 14374 | Lair:2   | Noticed a catoblepas
 14417 | Lair:2   | Killed a catoblepas
 14759 | Lair:3   | Reached skill level 15 in Stealth
 14776 | Lair:3   | Reached skill level 5 in Shields
 14776 | Lair:3   | Reached XP level 13. HP: 92/92 MP: 17/17
 15362 | Lair:3   | Found a staircase to the Swamp.
 15480 | Lair:3   | Found a large runed translucent door.
 15481 | Lair:3   | Found a large runed translucent door.
 15484 | Lair:3   | Noticed Gesaczie's ghost (journeyman MiFi)
 15531 | Lair:3   | Learned a level 2 spell: Wereblood
 16487 | Lair:3   | Identified the +5 ring mail of Vexation {Will+ SInv}
 16690 | Lair:4   | You fall into a shaft and drop 1 floor!
 16690 | Lair:5   | Entered Level 5 of the Lair of Beasts
 16690 | Lair:5   | Found a staircase to the Slime Pits.
 16698 | Lair:5   | Identified a scroll of acquirement
 17330 | Lair:4   | Reached skill level 5 in Spellcasting
 17820 | Lair:4   | Reached XP level 14. HP: 97/99 MP: 21/21
 18213 | Lair:5   | HP: 4/99 [eight-headed hydra (12)]
 19884 | Lair:5   | Reached skill level 10 in Shields
 20475 | Lair:5   | Learned a level 5 spell: Borgnjor's Vile Clutch
 20475 | Lair:5   | Acquired a manual of Necromancy
 20560 | Lair:5   | Reached skill level 1 in Necromancy
 20627 | Lair:5   | Reached skill level 5 in Transmutations
 21138 | Lair:5   | Got the Disquisition on the Impure Wendigo
 21503 | Lair:2   | Found a hole to the Spider Nest.
 22572 | D:12     | Noticed a cacodemon
 22586 | D:12     | Found a one-way gate to the infinite horrors of the Abyss.
 22586 | D:12     | Noticed asti's ghost (journeyman MiFi)
 22610 | D:12     | Reached skill level 5 in Necromancy
 22656 | D:12     | Found a transporter.
 22783 | D:13     | Reached XP level 15. HP: 64/103 MP: 22/22
 22947 | D:13     | Noticed Rupert
 22948 | D:13     | Killed Rupert
 23247 | D:13     | Noticed Kirke
 23253 | D:13     | Killed Kirke
 24466 | D:14     | Found a gate to the Vaults.
 24535 | D:15     | Entered Level 15 of the Dungeon
 24551 | D:15     | Found a sacrificial altar of Ru.
 24675 | D:15     | Found a staircase to the Depths.
 24918 | Orc:1    | Entered Level 1 of the Orcish Mines
 24934 | Orc:1    | Reached ***** piety under Wu Jian
 25155 | Orc:2    | Entered Level 2 of the Orcish Mines
 25158 | Orc:2    | Noticed Sonja
 25238 | Orc:2    | Killed Sonja
 25282 | Orc:2    | Noticed Nessos
 25302 | Orc:2    | Killed Nessos
 25312 | Orc:2    | Found a staircase to the Elven Halls.
 25776 | Orc:2    | Gained mutation: Your body sometimes deteriorates upon
                  | taking damage. [a neqoxec]
 25785 | Orc:2    | Found Uces's Jewellery Boutique.
 25785 | Orc:2    | Found Kiadwink's Armour Emporium.
 25787 | Orc:2    | Found Yzex's Jewellery Emporium.
 25787 | Orc:2    | Found Peati's Jewellery Boutique.
 26007 | Orc:2    | Bought a +4 ring of protection for 396 gold pieces
 26028 | Orc:2    | Bought the ring "Hyshray" {rF- Will+++ Str+6 Dex+7} for
                  | 1180 gold pieces
 26033 | Orc:2    | Bought a ring of protection from fire for 375 gold pieces
 26537 | D:4      | Killed Grinder
 26649 | D:8      | Killed Calibrex's ghost
 27076 | D:15     | Reached skill level 10 in Necromancy
 27194 | D:15     | Reached XP level 16. HP: 114/114 MP: 20/23
 27441 | D:15     | Acquired 855 gold pieces
 27639 | Orc:2    | Bought a ring of poison resistance for 300 gold pieces
 27642 | Orc:2    | Bought a +5 ring of evasion for 504 gold pieces
 27902 | D:15     | Acquired 1043 gold pieces
 28036 | D:15     | Found a portal to a secret trove of treasure.
 28462 | Orc:2    | Bought a +5 ring of evasion for 504 gold pieces
 28462 | Orc:2    | Bought a +6 ring of intelligence for 504 gold pieces
 28673 | Swamp:1  | Entered Level 1 of the Swamp
 29784 | Swamp:2  | Identified the +4 great sword "Fiutwee" {holy, Str+4 Int+2}
 30293 | Swamp:3  | Found a frozen archway.
 30307 | IceCv    | Entered an ice cave
 30573 | IceCv    | Got Sif Muna's Precepts of Moving Filth
 30629 | IceCv    | Reached skill level 5 in Earth Magic
 30685 | IceCv    | Reached XP level 17. HP: 121/121 MP: 24/26
 30894 | IceCv    | Noticed a shard shrike
 31436 | IceCv    | Killed a shard shrike
 31719 | IceCv    | Found the +3 crown of Dyrovepreva {rElec Int+2 SInv}
 31902 | Swamp:2  | Lost mutation: Your body sometimes deteriorates upon taking
                  | damage. [potion of mutation]
 31902 | Swamp:2  | Gained mutation: You are agile. (Dex +4, Str/Int -1)
                  | [potion of mutation]
 31902 | Swamp:2  | Gained mutation: You expend magic power (3 MP) to
                  | strengthen your wands. [potion of mutation]
 31902 | Swamp:2  | Gained mutation: You are strong-willed. (Will+) [potion of
                  | mutation]
 32228 | Swamp:4  | Entered Level 4 of the Swamp
 32656 | Swamp:4  | Found a runed translucent door.
 32688 | Swamp:4  | Noticed Coron's ghost (adept MiBe)
 32784 | Swamp:4  | Got a decaying rune of Zot
 33199 | Spider:1 | Entered Level 1 of the Spider Nest
 33355 | Spider:1 | Reached XP level 18. HP: 75/126 MP: 28/28
 33732 | Spider:2 | Reached skill level 15 in Fighting
 34743 | Spider:3 | Noticed Azrael
 34877 | Spider:3 | Killed Azrael
 35162 | Spider:3 | Identified Roxanne's Volume of Breccia
 35162 | Spider:3 | Noticed Roxanne
 35188 | Spider:3 | Acquired 340 gold pieces
 35751 | Spider:3 | Noticed Mara
 35752 | Spider:3 | Killed Mara
 35992 | Spider:3 | Banished Roxanne
 36046 | Spider:4 | Entered Level 4 of the Spider Nest
 36647 | Spider:4 | Reached XP level 19. HP: 143/143 MP: 13/29
 36742 | Spider:4 | Got a gossamer rune of Zot
 37279 | Lair:2   | Acquired 1310 gold pieces
 37604 | Elf:1    | Entered Level 1 of the Elven Halls
 37743 | Elf:1    | Found Byvinin's Jewellery Shop.
 37796 | Elf:1    | Found Kaikhlu's Distillery.
 37803 | Elf:1    | Bought a potion of resistance for 140 gold pieces
 37803 | Elf:1    | Bought a potion of haste for 140 gold pieces
 37803 | Elf:1    | Bought a potion of mutation for 112 gold pieces
 37803 | Elf:1    | Bought a potion of haste for 140 gold pieces
 37803 | Elf:1    | Bought a potion of invisibility for 112 gold pieces
 37803 | Elf:1    | Bought a potion of mutation for 112 gold pieces
 37886 | Elf:1    | Found Fuuhuad's Distillery.
 37926 | Elf:1    | Reached skill level 15 in Dodging
 37932 | Elf:1    | Noticed a Tzitzimitl
 37936 | Elf:1    | Noticed a Hell Sentinel
 38045 | Elf:1    | Bought a potion of curing for 42 gold pieces
 38045 | Elf:1    | Bought a potion of ambrosia for 112 gold pieces
 38045 | Elf:1    | Bought a potion of cancellation for 112 gold pieces
 38105 | Elf:1    | Found a runed translucent gate.
 38105 | Elf:1    | Found a runed translucent gate.
 38105 | Elf:1    | Found a runed translucent gate.
 38105 | Elf:1    | Found a runed translucent gate.
 38105 | Elf:1    | Found a runed translucent gate.
 38115 | Elf:1    | Found a runed translucent gate.
 38252 | Elf:1    | Found Xaedeit's Weapon Boutique.
 38519 | Elf:1    | Bought the amulet "Sevateqi" {Reflect Regen+ rCorr Str+3
                  | Dex-2 SH+5} for 804 gold pieces
 38567 | Elf:2    | Found a magical portal.
 38588 | WizLab   | Entered Borgnjor's Mausoleum
 38847 | WizLab   | Reached ****** piety under Wu Jian
 39644 | WizLab   | Got the Elucidation of the Catacomb
 39908 | Elf:2    | Found a runed translucent gate.
 39908 | Elf:2    | Found a runed translucent gate.
 39908 | Elf:2    | Found a runed translucent gate.
 40082 | Elf:2    | Reached XP level 20. HP: 148/149 MP: 30/30
 40308 | Elf:3    | Entered Level 3 of the Elven Halls
 40564 | Elf:3    | Found Hydaik's Magic Scroll Shoppe.
 40567 | Elf:3    | Found Foblub's Weapon Emporium.
 40567 | Elf:3    | Found Weesom's Antique Weapon Shoppe.
 40570 | Elf:3    | Found Fuorph's Armour Emporium.
 40595 | Elf:3    | Bought a scroll of fog for 80 gold pieces
 40595 | Elf:3    | Bought a scroll of summoning for 190 gold pieces
 40595 | Elf:3    | Bought a scroll of immolation for 80 gold pieces
 40680 | Elf:3    | Identified the +4 halberd of Itar {freeze, Will++ Int-4
                  | SInv}
 40924 | Elf:3    | Identified the +8 falchion of Ruination {speed, rN+}
 40935 | Elf:3    | Identified the ring "Myhur" {Fly Slay+3}
 41006 | Elf:3    | Identified the +5 short sword of the Final Chapter {flame,
                  | rElec Str+4}
 41019 | Elf:3    | Identified the +6 rapier of Hubris {heavy, rF+}
 41040 | Elf:3    | Identified the +3 ring mail "Put-Me-On" {rF+}
 41178 | Elf:3    | Got the Directory of Nasty Ensorcelling
 41183 | Elf:3    | Got Edwiec Egij's Annotations on Dynamic Infection
 41473 | Vaults:1 | Entered Level 1 of the Vaults
 41727 | Vaults:1 | Noticed Zenata
 41736 | Vaults:1 | Killed Zenata
 41822 | Vaults:1 | Reached skill level 11 in Short Blades
 42208 | Vaults:1 | Reached skill level 12 in Short Blades
 42215 | Vaults:1 | Reached XP level 21. HP: 110/162 MP: 31/31
 42917 | Vaults:2 | Noticed Jory
 42981 | Vaults:2 | Reached skill level 13 in Short Blades
 43064 | Vaults:2 | Found a staircase to the Crypt.
 43074 | Vaults:2 | Found a large runed translucent door.
 43088 | Vaults:2 | Found a large runed translucent door.
 43088 | Vaults:2 | Found a large runed translucent door.
 43088 | Vaults:2 | Found a large runed translucent door.
 43088 | Vaults:2 | Noticed Zissick's ghost (adept MiBr)
 43089 | Vaults:2 | Found a large runed translucent door.
 43089 | Vaults:2 | Found a large runed translucent door.
 43090 | Vaults:2 | Found a large runed translucent door.
 43098 | Vaults:2 | Found a large runed translucent door.
 43379 | Vaults:2 | Reached skill level 14 in Short Blades
 43809 | Vaults:2 | Reached skill level 15 in Short Blades
 43899 | Vaults:2 | Banished Jory
 44364 | Vaults:3 | Reached skill level 16 in Short Blades
 44792 | Vaults:3 | Reached skill level 17 in Short Blades
 45277 | Vaults:3 | Reached skill level 18 in Short Blades
 45277 | Vaults:3 | Reached XP level 22. HP: 140/165 MP: 34/34
 46009 | Vaults:4 | Reached skill level 19 in Short Blades
 46227 | Vaults:4 | Noticed Donald
 46234 | Vaults:4 | Killed Donald
 46278 | Vaults:4 | Noticed Saint Roka
 46296 | Vaults:4 | Killed Saint Roka
 46588 | Vaults:4 | Reached skill level 20 in Short Blades
 47069 | Elf:1    | Bought a ring of protection from cold for 450 gold pieces
 47288 | Depths:1 | Entered Level 1 of the Depths
 47460 | Depths:1 | Found a glowing golden altar of the Shining One.
 47670 | Depths:1 | Found Keolihea's Jewellery Shoppe.
 47763 | Depths:1 | Noticed a royal mummy
 48020 | Depths:1 | Noticed a royal mummy
 48036 | Depths:1 | Banished a royal mummy
 48121 | Depths:1 | Found a gateway to Hell.
 48324 | Depths:1 | Killed a royal mummy
 48325 | Depths:1 | Reached XP level 23. HP: 111/174 MP: 31/35
 48327 | Depths:1 | Identified the +7 great sword of the Lurker {venom, rElec
                  | Will- Dex+3 SInv}
 48328 | Depths:1 | Noticed a royal mummy
 48338 | Depths:1 | Killed a royal mummy
 48627 | Depths:2 | Noticed Aizul
 48642 | Depths:2 | Killed Aizul
 48750 | Depths:2 | Identified the +1 robe of Vuiv {rC- rCorr Int+6 Archmagi}
 48927 | Depths:2 | Found a one-way gate leading to the halls of Pandemonium.
 49233 | Depths:2 | Reached skill level 21 in Short Blades
 49909 | Depths:2 | Found Impesice's Book Boutique.
 49910 | Depths:2 | Found Lifuutes's Jewellery Emporium.
 49912 | Depths:2 | Found Xelyarah's Book Boutique.
 49922 | Depths:2 | Bought Great Wizards, Vol. VII for 480 gold pieces
 49922 | Depths:2 | Bought a manual of Short Blades for 1280 gold pieces
 50039 | Depths:2 | Learned a level 5 spell: Yara's Violent Unravelling
 50236 | Depths:3 | Noticed a golden dragon
 50238 | Depths:3 | Noticed a golden dragon
 50268 | Depths:3 | Killed a golden dragon
 50271 | Depths:3 | Banished a golden dragon
 50813 | Depths:3 | Noticed Frederick
 50825 | Depths:3 | Killed Frederick
 50862 | Depths:3 | Found Ypelle's Antique Armour Emporium.
 51002 | Depths:3 | Reached XP level 24. HP: 185/185 MP: 35/35
 51012 | Depths:3 | Reached skill level 22 in Short Blades
 51151 | Depths:3 | Found a one-way gateway to a ziggurat.
 51235 | Depths:3 | Identified the ring of Leaves {rPois Str+3 Int+6 Dex+2}
 51264 | Depths:3 | Got the Tome of the Tropics
 51287 | Depths:3 | Identified the +1 rapier of Qireun {freeze, Fragile rF+
                  | rC++}
 51391 | Depths:4 | Entered Level 4 of the Depths
 51635 | Depths:4 | Found a sparkling altar of Nemelex Xobeh.
 51826 | Depths:4 | Found a gate to the Realm of Zot.
 52796 | Vaults:5 | Entered Level 5 of the Vaults
 52809 | Vaults:5 | Reached skill level 23 in Short Blades
 52965 | Vaults:5 | Got the Incunabulum of the Destructive Sun
 52970 | Vaults:5 | Noticed a dread lich
 52978 | Vaults:5 | Killed a dread lich
 52980 | Vaults:5 | Reached skill level 24 in Short Blades
 52986 | Vaults:5 | Reached XP level 25. HP: 194/194 MP: 35/35
 53060 | Vaults:5 | Identified the ring of the Scavenger {*Slow rPois rN+
                  | Stlth+}
 53097 | Vaults:5 | Identified the ring of Tusemaibb {MP+9 AC+4 SInv}
 53099 | Vaults:5 | Got Puojoa's Encyclopedia of the Decaying Sphinx
 53103 | Vaults:5 | Identified the amulet "Enac" {Faith rF+ Str+3 Dex-3 Stlth+}
 53113 | Vaults:5 | Identified the +3 battleaxe of Nulueg {drain, rElec MP-9
                  | Int+5 SInv}
 53124 | Vaults:5 | Identified the +10 quarterstaff "Haill" {flame, rC+ rN+}
 53125 | Vaults:5 | Identified the +6 sling of Tadedoz {heavy, Str-4 Dex+5}
 53180 | Vaults:5 | Noticed an ancient lich
 53187 | Vaults:5 | Killed an ancient lich
 53198 | Vaults:5 | Identified the amulet "Motauj Joown" {Rampage *Slow Regen+
                  | Str-2 Slay+5}
 53244 | Vaults:5 | Identified the ring "Ahuen" {rF- rN+ MP+9 Int+3}
 53256 | Vaults:5 | Learned a level 2 spell: Blink
 53301 | Vaults:5 | Identified the amulet "Guarogiu" {Faith rF- Regen+ Int+8}
 53546 | Vaults:5 | Got a silver rune of Zot
 53644 | Vaults:5 | Identified the +3 scale mail of Daisies {Rampage}
 53818 | Vaults:5 | Identified the ring of Genudiv {Fly Str+6 SInv}
 53831 | Vaults:5 | Reached XP level 26. HP: 171/202 MP: 35/35
 54355 | Orc:2    | Bought the ring "Mohauts" {Fire rN++ Int+4 Dex-5} for 606
                  | gold pieces
 54668 | Crypt:1  | Entered Level 1 of the Crypt
 55087 | D:15     | You paid a toll of 17 potions of curing to enter a treasure
                  | trove
 55088 | Trove    | Entered a treasure trove
 55116 | Trove    | Got Keqorike's Anthology of the Sepulchral Voyage
 55133 | Trove    | Got Feoriggo's Omnibus of Percussion and Despicable Arts
 55179 | D:15     | Learned a level 6 spell: Death Channel
 55184 | D:15     | Learned a level 4 spell: Anguish
 55850 | Crypt:2  | Reached skill level 15 in Necromancy
 56284 | Crypt:2  | Identified the +0 robe "Jewulez" {Rampage *Corrode rN++}
 56327 | Crypt:3  | Entered Level 3 of the Crypt
 56331 | Crypt:3  | Noticed Margery
 56464 | Crypt:3  | Killed Margery
 56956 | Crypt:3  | Found a staircase to the Tomb.
 57020 | Crypt:3  | Found an ancient bone altar of Kikubaaqudgha.
 57072 | Crypt:3  | Identified the ring "Nistaub" {rN+ Int+3}
 57072 | Crypt:3  | Identified the ring of the Castellan {rN+ Str+2 Int+3}
 57072 | Crypt:3  | Identified the ring of Sisopu {Fly rPois rN+ Str+3}
 57128 | Crypt:3  | Found the +10 tower shield of Ignorance {rN+ Int-4}
 57220 | Crypt:3  | Reached XP level 27. HP: 208/208 MP: 32/35
 57295 | Crypt:3  | Got the Elucidation of Ectoplasm
 57849 | Zot:1    | Entered Level 1 of the Realm of Zot
 57888 | Zot:1    | Noticed Vv
 57897 | Zot:1    | Killed Vv
 57902 | Zot:1    | Reached skill level 15 in Shields
 58410 | Zot:1    | You fall into a shaft and drop 1 floor!
 58746 | Zot:1    | Identified the +0 scimitar of the Hurting Gods {protect,
                  | *Corrode Str+4 Int+2 SInv}
 59773 | Zot:2    | Reached skill level 10 in Transmutations
 61229 | Zot:4    | Reached skill level 25 in Short Blades
 61238 | Zot:4    | Found a runed translucent door.
 61241 | Zot:4    | Noticed Oriecen's ghost (master DsEE)
 61594 | Zot:4    | Noticed an orb of fire
 61984 | Zot:4    | Killed an orb of fire
 63086 | Zot:4    | Found a shimmering altar of Xom.
 63086 | Zot:4    | Found a shimmering altar of Xom.
 63086 | Zot:4    | Found a shimmering altar of Xom.
 63087 | Zot:4    | Found a glowing silver altar of Zin.
 63100 | Zot:4    | Found a shimmering altar of Xom.
 63101 | Zot:4    | Found a shimmering altar of Xom.
 63102 | Zot:4    | Found a shimmering altar of Xom.
 63398 | Zot:5    | Entered Level 5 of the Realm of Zot
 63740 | Zot:5    | Noticed an orb of fire
 63751 | Zot:5    | Noticed an orb of fire
 63754 | Zot:5    | Killed an orb of fire
 63757 | Zot:5    | Noticed an orb of fire
 63757 | Zot:5    | Killed an orb of fire
 63760 | Zot:5    | Noticed an orb of fire
 63760 | Zot:5    | Noticed an orb of fire
 63765 | Zot:5    | Banished an orb of fire
 63766 | Zot:5    | Noticed an orb of fire
 63770 | Zot:5    | Killed an orb of fire
 63771 | Zot:5    | Gained mutation: You are resistant to electric shocks.
                  | (rElec) [an orb of fire]
 63773 | Zot:5    | Killed an orb of fire
 63774 | Zot:5    | Noticed an orb of fire
 63775 | Zot:5    | Killed an orb of fire
 63779 | Zot:5    | Killed an orb of fire
 63847 | Zot:5    | Reached skill level 15 in Transmutations
 64154 | Zot:5    | Got the Orb of Zot
 64444 | D:13     | Noticed Aqeofoel the pandemonium lord
 64740 | D:$      | Escaped with the Orb!

Illustrated notes

Levels and vault maps discovered:
D:1:      minmay_arrival_up_and_down, layout_rooms, minmay_misc_feat_diagonals
D:2:      layout_rooms
D:3:      layout_basic, slow_altar_1, portal_sewer_entry_b
D:4:      layout_cave_pools, kennysheep_path_1, uniq_ijyb, uniq_menkaure,
          uniq_grinder, uniq_natasha
D:5:      layout_rooms, zin_scriptorium, makhleb_altar_promises_db,
          minmay_temple_entry_sparse_star, nicolae_shop_firing_range,
          uniq_blork_the_orc
D:6:      layout_basic, serial_bayou_pond_a, uniq_eustachio
D:7:      layout_gridville, serial_glass, glass_columns_c, glass_columns_a,
          glass_columns_a, glass_columns_c, glass_columns_c, glass_columns_a,
          glass_columns_b, glass_columns_c
D:8:      layout_basic, chequers_temple_overflow_statue_of_worship,
          lair_entry_dummy, nicolae_ossuary_entry_plus,
          ebering_ghost_reflecting_pool
D:9:      layout_basic, mainiacjoe_overflow_small_starburst, serial_glass,
          glass_columns_b, glass_columns_a, uniq_grum
D:10:     layout_cave_pools, yredelemnul_altar_generic,
          overflow_temple_1_default, hangedman_decor_points,
          amcnicky_mini_rare_corridor_liquid, uniq_joseph, uniq_fannar
D:11:     layout_layer_cave, david_orc_2
D:12:     layout_long_grid, gammafunk_ghost_abyssal_escape
D:13:     layout_basic, special_room [special_room_bee], uniq_kirke, uniq_rupert
D:14:     layout_roguey, david_vaults_1
D:15:     hangedman_depths_entry_try_elsewhere_first, layout_long_grid,
          enter_trove_6, chequers_serial_rivers_micro_a, nicolae_ru_awakened_eye
Temple:   compressed_dpeg_circular_temple
Lair:1:   layout_loops_ring, basic_altar, chequers_serial_rivers_small_b
Lair:2:   minmay_lair_venomous_thicket, layout_regular_city,
          nicolae_spider_entry_lesser_pyramids, worms_lemuel,
          grunt_megastairs_1, serial_bayou_shore_b, serial_bayou_shore_b
Lair:3:   layout_loops_ring, swamp_mist, ebering_ghost_disaster_area,
          lemuel_fruit_tree, serial_bayou_shore_b
Lair:4:   layout_gridlike, beast_lair_carwin_8, serial_bayou_shore_a,
          grunt_megastairs_5
Lair:5:   evilmike_catoblepas_cave, layout_long_grid, slime_entry_1,
          st_stairs_11
Swamp:1:  layout_basic_swamp, nicolae_swamp_decorative_isthmus, swamp_pool4,
          infiniplex_staircase_pool
Swamp:2:  layout_basic_swamp, evilmike_swamp_ruin_house_6
Swamp:3:  layout_falls_marsh, portal_ice_cave_entry_pillars_three,
          serial_swamp_ruin, evilmike_swamp_ruin_rubble_1,
          evilmike_swamp_ruin_house_5, evilmike_swamp_ruin_house_4
Swamp:4:  swamp_fiery, layout_basic_swamp, ebering_ghost_reflecting_pool
Spider:1: layout_spider_delve, nicolae_spider_shape
Spider:2: layout_spider_delve
Spider:3: layout_chambers, uniq_roxanne, uniq_azrael, uniq_mara
Spider:4: guppyfry_spider_rune
Orc:1:    layout_caves
Orc:2:    grunt_orc_tribal_feast, layout_diamond_mine, uniq_nessos, uniq_sonja
Elf:1:    layout_geoelf_octagon, serial_shops, shop, shop,
          nicolae_shop_hallway_plus, nicolae_take_the_stairs, orc_legates
Elf:2:    elven_hall_of_blades_hangedman_original [nicolae_blade_bullseye],
          layout_loops_corners, mu_enter_wizlab_2
Elf:3:    elf_hall_gauntlet_narrow, layout_gridlike, minmay_shoptagon
Vaults:1: nicolae_vaults_sealed_display, v_pattern_5, st_eye,
          nicolae_vaults_asterisk, vaults_room_fours, nicolae_vaults_theta,
          dpeg_vaults_monster_box, layout_vaults_quadrants, uniq_zenata
Vaults:2: advil_vaults_ghost_lines, hangedman_vaults_nails,
          minmay_crypt_entry_simple_corners, vaults_room_corners,
          ontoclasm_vaults_spin, grunt_vaults_twisty,
          hangedman_vaults_stretched_pinwheel, vaults_dpeg_emergency_exit,
          layout_vaults_omnibox, uniq_jory
Vaults:3: ontoclasm_vaults_eye, serial_ice_h, v_misc_5,
          grunt_vaults_hallway_short, nicolae_vaults_ninety_degrees,
          nicolae_vaults_alarming, ontoclasm_vaults_hangar,
          nicolae_vaults_branching_niches, grunt_vaults_diagonal,
          nicolae_vaults_disjoint_gnomons, v_pattern_2,
          hangedman_vaults_corner_blocks, ontoclasm_vaults_twist,
          layout_vaults_omnicross
Vaults:4: nicolae_vaults_network_periphery, ontoclasm_vaults_ring_square,
          hangedman_vaults_restitches, hangedman_vaults_trim, v_rooms_5,
          vaults_standard_mumra_lines, v_alt_pattern_1, vaults_room_grid,
          vaults_mumra_hexcomb, vaults_dpeg_hooks, nicolae_vaults_specimen_jars,
          layout_vaults_ring, uniq_saint_roka, uniq_donald
Vaults:5: serial_shops
Crypt:1:  layout_basic
Crypt:2:  layout_basic
Crypt:3:  church_of_pain_bobbens, layout_chaotic_city,
          nicolae_tomb_entry_rubble_hallway, uniq_margery
Depths:1: ragdoll_tomb_raider, layout_small_grid, hell_entry, serial_shops,
          nicolae_diamond_shop, grunt_decor_junction, serial_rivers,
          chequers_serial_rivers_small_b, chequers_serial_rivers_large_b,
          chequers_serial_rivers_small_b, chequers_serial_rivers_micro_a,
          tso_oasis_becter
Depths:2: minmay_box_of_statues, layout_gridlike, rand_demon_pan_entry_1,
          hell_entry, serial_sigils_hangedman_carve, abyss_entry_glasseish,
          evilmike_ambush [evilmike_ambush_outer_pillars,
          evilmike_ambush_inner_pond], infiniplex_staircase_9_rooms,
          firewood_loft, minmay_shop_grove, serial_bayou_shore_b, uniq_aizul
Depths:3: minmay_the_grid_3x2 [minmay_the_grid_eight, minmay_the_grid_tree,
          minmay_the_grid_slots, minmay_the_grid_zigzag_pyramid,
          minmay_the_grid_tiny_cups, minmay_the_grid_prize_trominoes],
          layout_small_grid, enter_ziggurat_f, serial_shops, shop_fountains,
          hellmonk_bongcloud_opening, abyss_entry_small_statue_room,
          pf_hell_entry_great_geh, uniq_frederick
Depths:4: grunt_zot_entry_funnels, layout_gridlike, hellmouth_3,
          nemelex_spade_bored_becter
Zot:1:    layout_gridlike, uniq_vv
Zot:2:    layout_gridville, lemuel_elevator
Zot:3:    layout_concentric_octagons
Zot:4:    dreamdust_zin_vs_xom, layout_basic, gammafunk_ghost_grave, uniq_grunn
Zot:5:    layout_misc_corridors

Skill      XL: |  1  2  3  4  5  6  7  8  9 10 11 12 13 14 15 16 17 18 19 20 21 22 23 24 25 26 27 |
---------------+----------------------------------------------------------------------------------+-----
Fighting       | 2 3 4 5 7 8 9 10 11 12 14 16 18 19 20 21 22 24 | 24.3
Dodging        | 3 4 5 6 7 8 9 10 11 14 16 19 20 21 22 24 | 24.3
Stealth        | 2 3 5 6 8 9 11 13 15 17 19 20 | 20.0
Short Blades   | 1 2 3 5 6 8 9 10 12 18 20 21 24 25 | 25.9
Transmutations | 1 3 6 15 | 15.0
Spellcasting   | 1 3 5 6 8 |  8.0
Earth Magic    | 1 3 5 6 |  6.0
Shields        | 5 8 10 12 13 14 16 | 16.1
Necromancy     | 5 10 13 19 | 19.0
Evocations     | |  3.2

Action                     |  1- 3 |  4- 6 |  7- 9 | 10-12 | 13-15 | 16-18 | 19-21 | 22-24 | 25-27 || total
---------------------------+-------+-------+-------+-------+-------+-------+-------+-------+-------++-------
  Melee: Dagger            |    70 |       |       |       |    59 |  1352 |  1184 |  1513 |  1903 ||  6081
         Tentacles         |    16 |    26 |    78 |   112 |   407 |   402 |   412 |   541 |   755 ||  2749
         Constrict         |    12 |    33 |    68 |    62 |   134 |   236 |   204 |   199 |   363 ||  1311
         Short sword       |    10 |   104 |   325 |   444 |  1088 |       |       |       |       ||  1971
         Club              |     1 |       |       |       |       |       |       |       |       ||     1
         Punch             |     1 |     1 |     6 |     7 |    20 |    38 |    32 |    45 |    46 ||   196
  Throw: Stone             |    18 |       |       |       |       |       |       |       |       ||    18
         Dart              |       |       |    10 |    21 |    34 |     5 |     1 |       |       ||    71
         Throwing net      |       |       |     4 |     3 |       |       |       |       |       ||     7
         Javelin           |       |       |     2 |       |     1 |       |       |       |       ||     3
   Cast: Wereblood         |       |       |       |       |    27 |    28 |    28 |    47 |    64 ||   194
         Borgnjor's Vile C |       |       |       |       |       |     5 |     3 |       |       ||     8
         Death Channel     |       |       |       |       |       |       |       |       |    13 ||    13
         Anguish           |       |       |       |       |       |       |       |       |     7 ||     7
 Invoke: Serpent's Lash    |       |       |       |     2 |    29 |    23 |    14 |    18 |    28 ||   114
         Heavenly Storm    |       |       |       |       |     1 |     2 |     1 |     1 |     3 ||     8
Ability: Lunge             |       |       |    34 |    43 |   110 |   142 |   157 |   174 |   187 ||   847
         Whirlwind         |       |       |    14 |    31 |   190 |   340 |   242 |   400 |   514 ||  1731
         Wall Jump         |       |       |       |       |     1 |       |       |     1 |     2 ||     4
  Evoke: Wand              |     9 |     4 |    22 |    11 |     8 |     8 |     5 |     5 |     2 ||    74
         Condenser vane    |       |       |       |     1 |     1 |     2 |     3 |     2 |     4 ||    13
         Box of beasts     |       |       |       |       |     2 |     1 |       |       |       ||     3
         Phantom mirror    |       |       |       |       |       |       |     1 |     1 |       ||     2
    Use: Scroll            |     6 |     5 |    11 |     5 |    17 |    16 |     5 |     7 |    12 ||    84
         Potion            |       |       |     3 |     6 |     6 |     5 |     3 |     1 |     6 ||    30
   Stab: Sleeping          |     2 |    10 |    15 |    24 |    45 |    73 |    76 |    70 |    44 ||   359
         Distracted        |       |       |     3 |    10 |    41 |    11 |    24 |    10 |    11 ||   110
         Invisible         |       |       |     1 |     4 |     2 |     2 |     3 |     7 |       ||    19
         Held in net/web   |       |       |       |     3 |       |       |       |       |       ||     3
         Petrified         |       |       |       |     1 |       |       |       |       |       ||     1
         Confused          |       |       |       |       |     3 |       |       |       |       ||     3
 Armour: Skin              |     6 |     2 |    23 |    31 |     9 |    34 |     3 |     9 |    13 ||   130
  Dodge: Dodged            |    42 |    45 |    87 |   132 |   261 |   518 |   240 |   421 |   600 ||  2346
  Block: Other             |       |       |    20 |    57 |    26 |       |       |       |       ||   103
         Reflection        |       |       |     2 |     3 |       |       |    84 |    27 |    23 ||   139
         Kite shield       |       |       |       |       |   259 |   581 |   548 |   751 |   930 ||  3069
         Buckler           |       |       |       |       |       |    48 |       |       |       ||    48

Table legend: (Time is in decaauts)
 A = Elapsed time spent in this place.
 B = Non-inter-level travel time spent in this place.
 C = Inter-level travel time spent in this place.
 D = Time resting spent in this place.
 E = Time spent auto-exploring this place.
 F = Levels seen in this place.
 G = Mean time per level.
                   A        B        C        D        E       F      G
               +--------+--------+--------+--------+--------+-----+--------+
         Total |  63170 |  56337 |   6833 |  10864 |  26009 |  55 | 1148.5 |
       Dungeon |  18159 |  15357 |   2802 |   3703 |   6862 |  15 | 1210.6 |
        Temple |    107 |     71 |     36 |      0 |     52 |   1 |  107.0 |
          Lair |   9263 |   8771 |    492 |   2645 |   3070 |   5 | 1852.6 |
         Swamp |   2814 |   2653 |    161 |    436 |   1272 |   4 |  703.5 |
   Spider Nest |   3950 |   3720 |    230 |    286 |   2197 |   4 |  987.5 |
  Orcish Mines |   2249 |   1285 |    964 |    143 |    794 |   2 | 1124.5 |
   Elven Halls |   2658 |   2326 |    332 |     86 |   1308 |   3 |  886.0 |
        Vaults |   6991 |   6228 |    763 |     64 |   4164 |   5 | 1398.2 |
         Crypt |   2461 |   2224 |    237 |     23 |   1354 |   3 |  820.3 |
        Depths |   5387 |   4984 |    403 |    687 |   2382 |   4 | 1346.8 |
           Zot |   6216 |   5808 |    408 |   1688 |   2341 |   5 | 1243.2 |
         Trove |     82 |     82 |      0 |      0 |      0 |   1 |   82.0 |
       Ossuary |    364 |    364 |      0 |    166 |     70 |   1 |  364.0 |
      Ice Cave |   1425 |   1425 |      0 |    598 |    117 |   1 | 1425.0 |
        Wizlab |   1036 |   1036 |      0 |    339 |     26 |   1 | 1036.0 |
               +--------+--------+--------+--------+--------+-----+--------+

Top non-repeatable levels by time:
     D:8: 2562 daAuts
  Lair:5: 2459 daAuts
  Lair:2: 2145 daAuts
   Zot:3: 2136 daAuts
  Lair:4: 1918 daAuts
   Orc:2: 1817 daAuts
Depths:2: 1817 daAuts
    D:11: 1799 daAuts
Vaults:2: 1672 daAuts
  Lair:3: 1578 daAuts
Vaults:1: 1557 daAuts
Spider:3: 1544 daAuts
     D:9: 1514 daAuts
Vaults:3: 1480 daAuts
   IceCv: 1425 daAuts
